 Dungeon Crawl Stone Soup version 0.23.1 (webtiles) character file.

Game seed: 11683900924218521196

44888 vishdafish the Cleaver (level 14, -3/113 HPs)
             Began as a Gnoll Fighter on Mar 8, 2019.
             Was an Initiate of Gozag.
             Slain by a tyrant leech (24 damage)
             ... on level 5 of the Lair of Beasts.
             The game lasted 00:34:43 (16845 turns).

vishdafish the Cleaver (Gnoll Fighter)             Turns: 16845, Time: 00:34:44

Health: -3/113     AC: 20    Str: 26    XL:     14   Next: 30%
Magic:  27/27      EV: 16    Int: 19    God:    Gozag
Gold:   3981       SH:  0    Dex: 15    Spells: 29/31 levels left

rFire    + . .     SeeInvis +   c - +5 executioner's axe (flame)
rCold    + + .     Gourm    .   (shield currently unavailable)
rNeg     . . .     Faith    .   R - +2 ice dragon scales
rPois    .         Spirit   .   A - +2 helmet {Int+3}
rElec    .         Reflect  .   C - scarf {rC+ rF+}
rCorr    .         Harm     .   K - +0 pair of gloves
MR       +....                  (no boots)
Stlth    ++........             B - amulet of magic regeneration (curse)
HPRegen  0.28/turn              J - ring of see invisible
MPRegen  0.45/turn              m - ring of Xapit {Fire Str+4 Int+4 Stlth+}

@: about to teleport, gold aura, slowed, studying Axes, very slow
A: distributed training, fangs 1, strong nose
a: Potion Petition, Call Merchant, Bribe Branch, Renounce Religion


You were on level 5 of the Lair of Beasts.
You worshipped Gozag.
Gozag was most pleased with you.
You were hungry.

You visited 3 branches of the dungeon, and saw 18 of its levels.
You also visited: Bailey.

You collected 4264 gold pieces.
You spent 135 gold pieces at shops.
You paid 148 gold pieces to Gozag.

Inventory:

Hand Weapons
 c - a +5 executioner's axe of flaming (weapon)
Missiles
 u - 7 javelins
 H - 7 javelins of returning (quivered)
 Q - 2 throwing nets
Armour
 s - a +0 cloak of magic resistance
 A - a +2 helmet of intelligence (worn)
 C - a scarf of resistance (worn)
 K - a +0 pair of gloves (worn)
 R - +2 ice dragon scales (worn)
Jewellery
 b - an uncursed ring of positive energy
 m - the ring of Xapit (right hand) {Fire Str+4 Int+4 Stlth+}
   (You found it on level 2 of the Lair of Beasts)

   [ring of fire]

   It enhances your fire magic.
   It affects your strength (+4).
   It affects your intelligence (+4).
   It protects you from fire.
   It makes you vulnerable to cold.
   It makes you more stealthy.
 r - an uncursed ring of protection from magic
 B - a cursed amulet of magic regeneration (around neck)
 J - a ring of see invisible (left hand)
 U - an uncursed ring of protection from fire
 Y - an uncursed ring of resist corrosion
Wands
 e - a wand of paralysis (12)
 h - a wand of disintegration (5)
 v - a wand of random effects (62)
 E - a wand of clouds (9)
 L - a wand of iceblast (1)
 M - a wand of digging (4)
 W - a wand of enslavement (10)
Scrolls
 a - a scroll of magic mapping
 d - a scroll of fear {unknown}
 f - 5 scrolls of remove curse
 g - 10 scrolls of teleportation
 j - a scroll of enchant armour
 t - 7 scrolls of blinking
 y - a scroll of silence {unknown}
 z - 2 scrolls of amnesia
 D - 3 scrolls of immolation
 P - a scroll of vulnerability
 S - a scroll of holy word {unknown}
 V - a scroll of brand weapon {unknown}
 X - 2 scrolls of fog {unknown}
 Z - 3 scrolls of enchant weapon {unknown}
Potions
 i - 3 potions of lignification
 k - 2 potions of brilliance
 l - 7 potions of heal wounds
 n - 10 potions of curing
 o - 2 potions of degeneration {unknown}
 p - a potion of cancellation
 w - 2 potions of resistance {unknown}
 x - 3 potions of mutation {unknown}
 F - 2 potions of ambrosia {unknown}
 G - a potion of might
 I - 4 potions of flight
 O - a potion of agility {unknown}
 T - a potion of haste {unknown}
Books
 N - a manual of Axes
Comestibles
 q - 25 rations


   Skills:
 + Level 11.0 Fighting
 + Level 9.0 Short Blades
 + Level 10.0 Long Blades
 + Level 11.5 Axes
 + Level 9.0 Maces & Flails
 + Level 9.0 Polearms
 + Level 9.0 Staves
 + Level 9.0 Slings
 + Level 9.0 Bows
 + Level 9.0 Crossbows
 + Level 9.0 Throwing
 + Level 11.0 Armour
 + Level 9.0 Dodging
 + Level 9.0 Stealth
 + Level 11.0 Shields
 + Level 9.0 Unarmed Combat
 + Level 9.0 Spellcasting
 + Level 7.4 Conjurations
 + Level 7.4 Hexes
 + Level 7.4 Charms
 + Level 7.4 Summonings
 + Level 7.4 Necromancy
 + Level 7.4 Translocations
 + Level 7.4 Transmutations
 + Level 7.4 Fire Magic
 + Level 7.4 Ice Magic
 + Level 7.4 Air Magic
 + Level 7.4 Earth Magic
 + Level 7.4 Poison Magic
 + Level 9.7 Invocations
 + Level 9.0 Evocations


You had 29 spell levels left.
You knew the following spells:

 Your Spells              Type           Power        Failure   Level  Hunger
a - Song of Slaying       Chrm           #####...     1%          2    None

Your spell library contained the following spells:

 Spells                   Type           Power        Failure   Level  Hunger
 Infusion                 Chrm           ####         1%          1    None
 Magic Dart               Conj           ####         1%          1    None
 Sting                    Conj/Pois      ####         1%          1    None
 Blink                    Tloc           N/A          1%          2    None
 Poisonous Vapours        Pois/Air       #####.       1%          2    None
 Searing Ray              Conj           #####.       1%          2    None
 Shroud of Golubria       Chrm/Tloc      #####.....   1%          2    None
 Dazzling Spray           Conj/Hex       #####.       2%          3    None
 Gell's Gravitas          Tloc           #####.....   2%          3    None
 Lesser Beckoning         Tloc           #####.....   2%          3    None
 Mephitic Cloud           Conj/Pois/Air  #####...     2%          3    None
 Regeneration             Chrm/Necr      #####.....   2%          3    None
 Spectral Weapon          Hex/Chrm       #####...     2%          3    None
 Teleport Other           Tloc           #####...     2%          3    None
 Cause Fear               Hex            #####.....   9%          4    ###....
 Force Lance              Conj/Tloc      #####...     9%          4    ###....
 Fulminant Prism          Conj/Hex       #####.....   9%          4    ###....
 Iskenderun's Mystic Bla  Conj           #####...     9%          4    ###....
 Olgreb's Toxic Radiance  Pois           #####...     9%          4    ###....
 Passage of Golubria      Tloc           N/A          9%          4    ###....
 Irradiate                Conj/Tmut      #####.....   24%         5    #####..
 Silence                  Hex/Air        #####.....   24%         5    #####..
 Venom Bolt               Conj/Pois      #####.....   24%         5    #####..
 Yara's Violent Unravell  Hex/Tmut       #####.....   24%         5    #####..
 Deflect Missiles         Chrm/Air       #####.....   78%         6    ######.
 Hydra Form               Tmut           #####.....   78%         6    ######.
 Statue Form              Tmut/Erth      #####....    78%         6    ######.
 Dragon Form              Tmut           #####.....   100%        7    #######
 Discord                  Hex            #####.....   100%        8    #######


Dungeon Overview and Level Annotations

Branches:
Dungeon (12/15)            Temple (1/1) D:7            Lair (5/6) D:11
 Shoals (0/4) Lair:4       Spider (0/4) Lair:2          Orc (0/2) D:9
  Slime: Lair:5-6

Altars:
Ashenzari
Cheibriados
Dithmenos
Elyvilon
Gozag
Kikubaaqudgha
Makhleb
Nemelex Xobeh
Qazlal
Ru
Sif Muna
Trog
Uskayaw
Vehumet
Wu Jian
Yredelemnul
Zin
The Shining One

Shops:
D:4 [   D:7 }

Annotations:
D:10 1 runed translucent door


Innate Abilities, Weirdness & Mutations

Your experience applies equally to all skills.
You have very sharp teeth.
Your uncanny sense of smell can sniff out nearby items.


Message History

Press: ? - help, Shift-Dir - straight line, f - tyrant leech
Aim: a tyrant leech You throw a javelin of returning.
The javelin of returning misses the tyrant leech.
The javelin of returning returns to your pack!
Your surroundings seem slightly different.
Splash!
You fall into the shallow water.
Moving in this stuff is going to be slow.
The tyrant leech bites you!!
* * * LOW HITPOINT WARNING * * *
The tyrant leech draws strength from your injuries!
The torpor snail becomes distracted by the nearby gold, dreaming of imaginary riches.
The tyrant leech becomes distracted by the nearby gold, dreaming of imaginary riches.
As you read the scroll of teleportation, it crumbles to dust.
You feel strangely unstable.
The tyrant leech is no longer distracted by gold.
The tyrant leech bites you!!
You die...
Your body crumbles into a pile of gold.

....### #### ##..P..# ###
##§P# . ##......##
##.#####..## ###.P......###
##≈.#.......#
...........P.###≈.......$###
...............≈@w≈≈≈w≈..#
..............≈≈≈≈≈≈≈≈≈≈≈.#
.............≈≈w#######≈≈≈#
......###....≈≈# ≈≈#≈≈≈≈#
..<..###.#...≈≈#∆ ≈≈w≈≈≈#
....## ###...≈≈## #≈≈≈##
P..## #..!≈≈≈#######≈≈≈#
.>..#
#..≈≈$≈≈≈≈≈≈≈≈≈≈≈#######
....#
#$$..$≈$≈≈(w≈≈...ww.P..#


You could see 2 tyrant leeches and a torpor snail (unaware).

Vanquished Creatures
  Rupert (Lair:4)
  Snorg (Lair:5)
  The ghost of Reubyar the Impaler, a journeyman MiBe of Trog (Lair:2)
  4 hydras
  A catoblepas (Lair:3)
  2 two-headed ogres (D:12)
  A death knight (D:11)
  Sonja (Lair:2)
  A death drake (shapeshifter) (D:12)
  2 unseen horrors
  Pikel (D:5)
  An orc knight (Bailey)
  4 ugly things
  3 cyclopes
  A manticore (D:12)
  3 moths of wrath
  2 centaur zombies (D:12)
  6 elephants (Lair:4)
  A black mamba (Lair:3)
  2 spiny frogs
  A gargoyle (D:10)
  3 rime drakes
  3 komodo dragons
  2 trolls (D:11)
  7 blink frogs (Lair:1)
  7 tyrant leeches
  6 hippogriffs
  Sigmund (D:6)
  A shadow (D:12)
  4 redbacks (Lair:2)
  2 wraiths
  A vampire (D:11)
  51 yaks
  A human (D:7)
  3 hogs (D:7)
  Menkaure (D:5)
  2 swamp worms (Lair:5)
  2 wargs
  A soldier ant (D:12)
  2 hydra simulacra (Lair:2)
  An acid dragon (D:8)
  5 porcupines
  9 water moccasins
  Duvessa (D:4)
  6 orc warriors
  2 sky beasts (D:5)
  A black bear (D:12)
  An ice beast (D:9)
  A necrophage (D:11)
  A slave (D:5)
  2 phantoms
  11 wolves
  5 centaurs
  4 ogres
  7 crocodiles
  17 bullfrogs
  A gnoll sergeant (D:12)
  Dowan (D:4)
  A wyvern skeleton (D:7)
  4 scorpions
  A water moccasin zombie (D:11)
  4 killer bees (D:11)
  An elephant simulacrum (Lair:2)
  A howler monkey (D:4)
  10 wights
  3 bullfrog zombies
  5 crimson imps
  4 hounds
  A komodo dragon simulacrum (Lair:2)
  A jelly (D:7)
  5 orc wizards
  Crazy Yiuf (D:5)
  A water moccasin simulacrum (Lair:2)
  4 bullfrog skeletons
  A gnoll shaman (D:8)
  12 orc priests
  A centaur skeleton (D:10)
  3 iguanas
  6 worker ants
  4 hell rats (Lair:4)
  A bullfrog simulacrum (Lair:2)
  A hound skeleton (D:8)
  12 gnolls
  21 adders
  3 shadow imps
  An ooze (D:5)
  An adder zombie (D:7)
  An adder skeleton (D:5)
  A worm (D:3)
  2 dart slugs
  3 leopard geckos
  30 orcs
  9 bats
  7 giant cockroaches
  19 goblins
  10 hobgoblins
  5 jackals
  19 kobolds
  2 quokkas
  A ball python (D:4)
  4 frilled lizards
  A jackal skeleton (D:5)
  A quokka skeleton (D:8)
  18 rats
  A fungus (Lair:4)
  A plant (Lair:5)
465 creatures vanquished.

Vanquished Creatures (others)
  An adder (D:5)
  2 orcs (D:5)
  3 fungi
  5 plants
11 creatures vanquished.

Grand Total: 476 creatures vanquished

Notes
Turn   | Place    | Note
-------+----------+-------------------------------------------
     0 | D:1      | vishdafish the Gnoll Fighter began the quest for the Orb.
     0 | D:1      | Reached XP level 1. HP: 23/23 MP: 1/1
    69 | D:1      | Reached XP level 2. HP: 29/29 MP: 2/2
   212 | D:1      | Reached XP level 3. HP: 35/35 MP: 3/3
   594 | D:2      | Reached skill level 1 in Invocations
   643 | D:2      | You fall through a shaft!
   649 | D:3      | Reached skill level 1 in Short Blades
   649 | D:3      | Reached skill level 1 in Axes
   649 | D:3      | Reached skill level 1 in Maces & Flails
   649 | D:3      | Reached skill level 1 in Polearms
   649 | D:3      | Reached skill level 1 in Staves
   649 | D:3      | Reached skill level 1 in Slings
   649 | D:3      | Reached skill level 1 in Bows
   649 | D:3      | Reached skill level 1 in Crossbows
   649 | D:3      | Reached skill level 1 in Throwing
   649 | D:3      | Reached skill level 1 in Dodging
   649 | D:3      | Reached skill level 1 in Stealth
   649 | D:3      | Reached skill level 1 in Unarmed Combat
   649 | D:3      | Reached skill level 1 in Spellcasting
   649 | D:3      | Reached skill level 1 in Evocations
   676 | D:3      | Reached XP level 4. HP: 41/41 MP: 5/5
   837 | D:3      | Reached skill level 1 in Conjurations
   837 | D:3      | Reached skill level 1 in Hexes
   837 | D:3      | Reached skill level 1 in Charms
   837 | D:3      | Reached skill level 1 in Summonings
   837 | D:3      | Reached skill level 1 in Necromancy
   837 | D:3      | Reached skill level 1 in Translocations
   837 | D:3      | Reached skill level 1 in Transmutations
   837 | D:3      | Reached skill level 1 in Fire Magic
   837 | D:3      | Reached skill level 1 in Ice Magic
   837 | D:3      | Reached skill level 1 in Air Magic
   837 | D:3      | Reached skill level 1 in Earth Magic
   837 | D:3      | Reached skill level 1 in Poison Magic
   837 | D:3      | Reached XP level 5. HP: 42/47 MP: 6/6
   922 | D:3      | Found a glowing silver altar of Zin.
  1192 | D:3      | Noticed a moth of wrath
  1195 | D:3      | Found a bloodstained altar of Trog.
  1702 | D:2      | Found a sparkling altar of Nemelex Xobeh.
  1771 | D:2      | Found a snail-covered altar of Cheibriados.
  1947 | D:3      | Reached XP level 6. HP: 28/53 MP: 8/8
  2084 | D:4      | Reached skill level 5 in Long Blades
  2265 | D:4      | Found Fusautost's Antique Armour Shop.
  2273 | D:4      | Bought a shiny helmet for 135 gold pieces
  2384 | D:4      | Noticed Duvessa
  2384 | D:4      | Noticed Dowan
  2384 | D:4      | Noticed a phantom
  2416 | D:3      | Reached XP level 7. HP: 59/59 MP: 10/10
  2537 | D:4      | Killed Duvessa
  2547 | D:5      | Entered Level 5 of the Dungeon
  3255 | D:4      | Killed Dowan
  3258 | D:4      | Reached XP level 8. HP: 62/67 MP: 12/12
  3334 | D:4      | Found a shadowy altar of Dithmenos.
  3518 | D:5      | Noticed Pikel
  3552 | D:5      | Killed Pikel
  3713 | D:5      | Noticed Menkaure
  3725 | D:5      | Killed Menkaure
  3725 | D:5      | Reached XP level 9. HP: 58/72 MP: 14/14
  4039 | D:5      | Found a runed translucent door.
  4040 | D:5      | Noticed Crazy Yiuf
  4258 | D:5      | Killed Crazy Yiuf
  4463 | D:6      | Noticed Sigmund
  4471 | D:6      | Killed Sigmund
  4791 | D:7      | Noticed a red ugly thing
  4805 | D:6      | Killed a red ugly thing
  5004 | D:7      | Reached skill level 5 in Invocations
  5107 | D:7      | Found Ahawn's Gadget Emporium.
  5138 | D:7      | Reached XP level 10. HP: 78/80 MP: 15/17
  5149 | D:7      | Reached skill level 5 in Axes
  5282 | D:7      | Reached skill level 5 in Short Blades
  5282 | D:7      | Reached skill level 5 in Maces & Flails
  5282 | D:7      | Reached skill level 5 in Polearms
  5282 | D:7      | Reached skill level 5 in Staves
  5282 | D:7      | Reached skill level 5 in Slings
  5282 | D:7      | Reached skill level 5 in Bows
  5282 | D:7      | Reached skill level 5 in Crossbows
  5282 | D:7      | Reached skill level 5 in Throwing
  5282 | D:7      | Reached skill level 5 in Dodging
  5282 | D:7      | Reached skill level 5 in Stealth
  5282 | D:7      | Reached skill level 5 in Unarmed Combat
  5282 | D:7      | Reached skill level 5 in Spellcasting
  5282 | D:7      | Reached skill level 5 in Evocations
  5371 | D:7      | Found a sparkling altar of Nemelex Xobeh.
  5437 | D:7      | Found a staircase to the Ecumenical Temple.
  5451 | Temple   | Entered the Ecumenical Temple
  5494 | Temple   | Became a worshipper of Gozag Ym Sagoz the Greedy
  5558 | D:7      | Found a basalt altar of Yredelemnul.
  5636 | D:7      | Found a white marble altar of Elyvilon.
  5913 | D:8      | Found a burning altar of Makhleb.
  5914 | D:8      | Found a radiant altar of Vehumet.
  5958 | D:8      | Identified a scroll of acquirement
  5994 | D:8      | Found a flagged portal.
  6018 | Bailey   | Entered a bailey
  6068 | Bailey   | Identified the +3 leather armour of the Eagle {*Drain
                  | +Blink rElec rN+}
  6169 | Bailey   | Noticed an orc knight
  6182 | Bailey   | Killed an orc knight
  6552 | Bailey   | Got a translucent dagger
  6553 | Bailey   | Identified the +3 dagger "Bumof" {pierce, rPois rF- rC++
                  | rN+} (You found it in a bailey)
  6983 | D:8      | Noticed a red ugly thing
  6986 | D:8      | Noticed an unseen horror
  6991 | D:8      | Killed an unseen horror
  6994 | D:8      | Noticed a cyclops
  6995 | D:8      | Killed a red ugly thing
  7002 | D:8      | Killed a cyclops
  7002 | D:8      | Reached XP level 11. HP: 80/87 MP: 19/19
  7442 | D:9      | Found a staircase to the Orcish Mines.
  7673 | D:9      | Reached skill level 5 in Conjurations
  7673 | D:9      | Reached skill level 5 in Hexes
  7673 | D:9      | Reached skill level 5 in Charms
  7673 | D:9      | Reached skill level 5 in Summonings
  7673 | D:9      | Reached skill level 5 in Necromancy
  7673 | D:9      | Reached skill level 5 in Translocations
  7673 | D:9      | Reached skill level 5 in Transmutations
  7673 | D:9      | Reached skill level 5 in Fire Magic
  7673 | D:9      | Reached skill level 5 in Ice Magic
  7673 | D:9      | Reached skill level 5 in Air Magic
  7673 | D:9      | Reached skill level 5 in Earth Magic
  7673 | D:9      | Reached skill level 5 in Poison Magic
  8187 | D:9      | Found a basalt altar of Yredelemnul.
  8534 | D:10     | Entered Level 10 of the Dungeon
  8547 | D:10     | Found a white marble altar of Elyvilon.
  8621 | D:10     | Noticed an angel
  8622 | D:10     | Found a runed translucent door.
  8787 | D:10     | Noticed an unseen horror
  8793 | D:10     | Killed an unseen horror
  9271 | D:11     | Noticed a seven-headed hydra
  9271 | D:11     | Noticed a death knight
  9306 | D:11     | Killed a death knight
  9314 | D:11     | Noticed a cyclops
  9326 | D:11     | Killed a cyclops
  9326 | D:11     | Reached XP level 12. HP: 29/96 MP: 22/22
  9419 | D:11     | Found a staircase to the Lair.
 10544 | D:12     | Noticed a two-headed ogre
 10553 | D:12     | Killed a two-headed ogre
 10619 | D:12     | Noticed a two-headed ogre
 10628 | D:12     | Killed a two-headed ogre
 11354 | D:12     | Learned a level 2 spell: Song of Slaying
 11364 | D:12     | Reached skill level 10 in Fighting
 11364 | D:12     | Reached skill level 10 in Armour
 11364 | D:12     | Reached skill level 10 in Shields
 11451 | D:12     | Noticed a tengu warrior
 11509 | D:11     | Killed a seven-headed hydra
 11529 | Lair:1   | Entered Level 1 of the Lair of Beasts
 11697 | Lair:1   | Reached XP level 13. HP: 41/103 MP: 24/24
 11991 | Lair:1   | Reached skill level 10 in Axes
 12487 | Lair:2   | Found a runed translucent gate.
 12798 | Lair:2   | Noticed Reubyar's ghost (journeyman MiBe)
 12860 | Lair:2   | Found a runed translucent gate.
 12860 | Lair:2   | Found a runed translucent gate.
 12882 | Lair:2   | Noticed Sonja
 12888 | Lair:2   | Killed Sonja
 13083 | Lair:2   | Found a hole to the Spider Nest.
 13499 | Lair:2   | Killed Reubyar's ghost
 13821 | Lair:2   | Got the ring of Xapit {Fire}
 13824 | Lair:2   | Identified the ring of Xapit {Fire Str+4 Int+4 Stlth+} (You
                  | found it on level 2 of the Lair of Beasts)
 15271 | Lair:4   | Noticed Rupert
 15293 | Lair:4   | Killed Rupert
 15293 | Lair:4   | Reached XP level 14. HP: 43/111 MP: 26/26
 15555 | Lair:4   | Found a staircase to the Shoals.
 16184 | Lair:5   | Noticed Snorg
 16196 | Lair:5   | Killed Snorg
 16196 | Lair:5   | Reached skill level 10 in Long Blades
 16845 | Lair:5   | Slain by a tyrant leech

Skill      XL: |  1  2  3  4  5  6  7  8  9 10 11 12 13 14 |
---------------+-------------------------------------------+-----
Invocations    | 1 2 3 4 5 6 7 8 9 |  9.7
Short Blades   | 1 2 3 4 5 6 7 8 9 |  9.0
Axes           | 1 2 3 4 6 8 9 11 | 11.5
Maces & Flails | 1 2 3 4 5 6 7 8 9 |  9.0
Polearms       | 1 2 3 4 5 6 7 8 9 |  9.0
Staves         | 1 2 3 4 5 6 7 8 9 |  9.0
Slings         | 1 2 3 4 5 6 7 8 9 |  9.0
Bows           | 1 2 3 4 5 6 7 8 9 |  9.0
Crossbows      | 1 2 3 4 5 6 7 8 9 |  9.0
Throwing       | 1 2 3 4 5 6 7 8 9 |  9.0
Dodging        | 1 2 3 4 5 6 7 8 9 |  9.0
Stealth        | 1 2 3 4 5 6 7 8 9 |  9.0
Unarmed Combat | 1 2 3 4 5 6 7 8 9 |  9.0
Spellcasting   | 1 2 3 4 5 6 7 8 9 |  9.0
Evocations     | 1 2 3 4 5 6 7 8 9 |  9.0
Conjurations   | 1 2 3 4 5 6 7 |  7.4
Hexes          | 1 2 3 4 5 6 7 |  7.4
Charms         | 1 2 3 4 5 6 7 |  7.4
Summonings     | 1 2 3 4 5 6 7 |  7.4
Necromancy     | 1 2 3 4 5 6 7 |  7.4
Translocations | 1 2 3 4 5 6 7 |  7.4
Transmutations | 1 2 3 4 5 6 7 |  7.4
Fire Magic     | 1 2 3 4 5 6 7 |  7.4
Ice Magic      | 1 2 3 4 5 6 7 |  7.4
Air Magic      | 1 2 3 4 5 6 7 |  7.4
Earth Magic    | 1 2 3 4 5 6 7 |  7.4
Poison Magic   | 1 2 3 4 5 6 7 |  7.4
Long Blades    | 5 6 7 8 9 10 | 10.0
Fighting       | 7 8 9 10 11 | 11.0
Armour         | 7 8 9 10 11 | 11.0
Shields        | 7 8 9 10 11 | 11.0

Action                   |  1- 3 |  4- 6 |  7- 9 | 10-12 | 13-15 || total
-------------------------+-------+-------+-------+-------+-------++-------
Melee: Long sword        |    48 |       |       |       |       ||    48
       Bite              |    13 |    29 |    40 |    91 |    61 ||   234
       Dagger            |    79 |   232 |    42 |       |       ||   353
       Rapier            |       |       |   156 |       |       ||   156
       Morningstar       |       |       |    41 |   643 |   299 ||   983
       Executioner's axe |       |       |       |       |    86 ||    86
Throw: Javelin           |       |     2 |       |    55 |    72 ||   129
       Tomahawk          |       |       |       |    23 |       ||    23
 Cast: Song of Slaying   |       |       |       |     1 |     3 ||     4
Evoke: Wand              |       |     1 |     6 |     9 |    18 ||    34
  Use: Scroll            |       |     2 |     1 |    12 |    10 ||    25
       Potion            |       |     1 |       |     3 |     3 ||     7
 Stab: Sleeping          |       |       |       |     5 |     2 ||     7
       Distracted        |       |       |       |     7 |     4 ||    11
       Paralysed         |       |       |       |       |     9 ||     9
  Eat: Ration            |     1 |       |     1 |     6 |     5 ||    13
       Chunk             |       |     6 |     5 |     2 |       ||    13
Armor: Scale mail        |    67 |    60 |    75 |    36 |       ||   238
       Ice dragon scales |       |       |       |   233 |   205 ||   438
Dodge: Dodged            |    35 |    54 |    74 |   300 |   272 ||   735
Block: Shield            |    81 |   125 |   141 |   450 |   229 ||  1026
       Rpst.: Long sword |     2 |       |       |       |       ||     2
